 Dungeon Crawl Stone Soup version 0.27-a0-1191-g601b473118 (webtiles) character file.

Game seed: 1577557111480143289

681 Dordric the Skirmisher (level 7, -4/53 HPs)
             Began as a Djinni Fighter on May 24, 2021.
             Was a Believer of the Shining One.
             Slain by a gnoll
             ... wielding a +0 spear
              (7 damage)
             ... on level 5 of the Dungeon.
             The game lasted 00:05:40 (3998 turns).

Dordric the Skirmisher (Djinni Fighter)             Turns: 3998, Time: 00:05:40

Health: -4/53      AC:  6    Str: 23    XL:     7   Next: 92%
Gold:   235        EV:  9    Int:  9    God:    the Shining One [**....] SH:  7 Dex: 13

rFire    + + .     SeeInvis .   a - +0 long sword
rCold    x . .     Faith    .   h - +2 buckler
rNeg     + . .     Spirit   .   b - +0 scale mail
rPois    ∞         Reflect  .   (no helmet)
rElec    .         Harm     .   (no cloak)
rCorr    .         Rampage  .   (no gloves)
Will     .....                  (boots unavailable)
Stlth    ..........             (no amulet)
HPRegen  0.17/turn              n - ring of wizardry
MPRegen  0.00/turn              k - +6 ring of strength

@: flying, glowing, invisible (but backlit and visible)
A: sickness immunity, fire resistance 2, cold vulnerability 1, float, innate
caster, hp casting, extra vitality 1
a: Renounce Religion, Divine Shield


You were on level 5 of the Dungeon.
You worshipped the Shining One.
The Shining One was pleased with you.
You visited 1 branch of the dungeon, and saw 5 of its levels.

You collected 235 gold pieces.

Inventory:

Hand Weapons
 a - a +0 long sword (weapon)
Missiles
 m - 6 curare-tipped darts (quivered)
Armour
 b - a +0 scale mail (worn)
 h - a +2 buckler (worn)
Jewellery
 i - a +4 ring of evasion
 k - a +6 ring of strength (right hand)
 n - a ring of wizardry (left hand)
Scrolls
 d - 2 scrolls of teleportation
 f - a scroll of identify
 o - a scroll of amnesia {unknown}
 p - a scroll of fog {unknown}
 q - a scroll of silence {unknown}
 r - a scroll of magic mapping {unknown}
Potions
 c - 2 potions of curing
 e - 3 potions of mutation
 g - 2 potions of haste
 j - a potion of magic
 l - a potion of invisibility


   Skills:
 - Level 4.9 Fighting
 - Level 4.0 Long Blades
 - Level 3.0 Armour
 - Level 4.0 Shields
 + Level 2.8 Spellcasting
 - Level 2.8 Invocations


You had 5 spell levels left.
You knew the following spells:

 Your Spells              Type           Power      Damage    Failure   Level
a - Pain                  Necr           24%        1d5       10%         1
b - Passwall              Tmut/Erth      5%         N/A       16%         2
c - Ignite Poison         Fire/Tmut/Pois 6%         N/A       28%         3
Your spell library was empty.

Dungeon Overview and Level Annotations

Branches:
Dungeon (5/15)             Temple (0/1) D:5

Altars:
Ru
Trog
The Shining One


Innate Abilities, Weirdness & Mutations

You are immune to sickness and miasma.
You are immune to poison.
Your flesh is very heat resistant. (rF++)
You are vulnerable to cold. (rC-)
You float through the air rather than walking.
You learn spells naturally, not from books.
Your magical power is your life essence.
You have superior vitality. (+4 HP)


Message History

You are too injured to fight recklessly!
You are too injured to fight recklessly!
You are too injured to fight recklessly!
You are too injured to fight recklessly!
You are too injured to fight recklessly!
You are too injured to fight recklessly!
You are too injured to fight recklessly!
You are too injured to fight recklessly!
You are too injured to fight recklessly!
You are too injured to fight recklessly!
You are too injured to fight recklessly!
You are too injured to fight recklessly!
You slash the gnoll!
The gnoll is severely wounded.
The gnoll hits you but does no damage. The gnoll hits you with a +0 spear!
The gnoll barely misses you.
The gnoll hits you from afar with a +0 spear.
* * * LOW HITPOINT WARNING * * *
You hit the gnoll.
The gnoll is lightly wounded.
The gnoll hits you with a +0 spear.
* * * LOW HITPOINT WARNING * * *
The gnoll hits you with a +0 flail.
* * * LOW HITPOINT WARNING * * *
The gnoll hits you from afar with a +0 spear.
* * * LOW HITPOINT WARNING * * *
It was a potion of curing.
You feel better.
The gnoll hits you but does no damage. x2; The gnoll closely misses you.
It was a potion of magic.
Magic courses through your body. You block the gnoll's attack. x2
The gnoll hits you from afar with a +0 spear.
* * * LOW HITPOINT WARNING * * *
It was a potion of invisibility.
You become transparent, but the glow from your halo prevents you from becoming completely invisible.
The gnoll hits you with a +0 spear.
* * * LOW HITPOINT WARNING * * *
The gnoll hits you with a +0 flail.
* * * LOW HITPOINT WARNING * * *
The gnoll hits you from afar with a +0 spear!
You die...

########## #......... #.########
### ######.##### #..
#...(..>(..# #.# #.####.###.#
#[# ##.## #.# #g########.#
#####...###.###.@gg....#.# #
.............#########.#!#.##..!
#####.....##.# #......(..#
#....#P.P#.# #Y...?...#.
#.#####.##.. #...g....# #...P#
..# #.≈........ #<#....>...
#.....g..#. #.##P#...#P#
#........# #.# ## .####
##.......#


You could see 3 gnolls.

Vanquished Creatures
  Sigmund (D:3)
  A black bear (D:4)
  A sky beast (D:5)
  A phantom (D:5)
  A scorpion (D:4)
  A centaur skeleton (D:4)
  A hound skeleton (D:4)
  4 gnolls
  A howler monkey skeleton (D:4)
  4 adders
  An adder skeleton (D:4)
  5 worms
  A dart slug (D:4)
  6 orcs (D:4)
  5 ball pythons
  6 endoplasms
  5 giant cockroaches
  5 goblins
  9 hobgoblins
  2 jackals (D:2)
  7 bats
  5 frilled lizards
  7 kobolds
  6 rats
86 creatures vanquished.

Notes
Turn   | Place    | Note
-------+----------+-------------------------------------------
     0 | D:1      | Dordric the Djinni Fighter began the quest for the Orb.
     0 | D:1      | Reached XP level 1. HP: 20/20 MP: 0/0
   208 | D:1      | Reached XP level 2. HP: 25/25 MP: 0/0
   942 | D:1      | Reached XP level 3. HP: 30/30 MP: 0/0
   942 | D:1      | Learned a level 1 spell: Pain
  1367 | D:2      | Reached XP level 4. HP: 29/36 MP: 0/0
  1890 | D:2      | Found a faded altar of an unknown god.
  1999 | D:2      | Became a worshipper of the Shining One
  1999 | D:2      | Reached * piety under the Shining One
  2233 | D:3      | Noticed Sigmund
  2245 | D:3      | Killed Sigmund
  2246 | D:3      | Reached XP level 5. HP: 25/42 MP: 0/0
  2246 | D:3      | Learned a level 2 spell: Passwall
  2246 | D:3      | Reached XP level 6. HP: 29/48 MP: 0/0
  2537 | D:3      | Found a bloodstained altar of Trog.
  2757 | D:3      | Found a sacrificial altar of Ru.
  3412 | D:4      | Noticed a black bear
  3419 | D:4      | Killed a black bear
  3420 | D:4      | Reached XP level 7. HP: 41/53 MP: 0/0
  3420 | D:4      | Learned a level 3 spell: Ignite Poison
  3565 | D:4      | Reached skill level 1 in Spellcasting
  3928 | D:5      | Entered Level 5 of the Dungeon
  3929 | D:5      | Found a staircase to the Ecumenical Temple.
  3968 | D:5      | Reached ** piety under the Shining One
  3995 | D:5      | HP: 2/53 [gnoll/+0 spear (5)]
  3998 | D:5      | Slain by a gnoll

Illustrated notes

Levels and vault maps discovered:
D:1:      evilmike_arrival_plus, layout_basic, minivault_14
D:2:      layout_basic, ebering_ecumenical_altar_hall, serial_park_tiny_1
D:3:      layout_loops_ring, lemuel_tele_altar, lemuel_coloured_pillars_altar,
          kennysheep_donut, palyth_stone_intersect, serial_bayou_ford_a,
          feat_on_display, uniq_sigmund
D:4:      layout_basic, minmay_joined_circles
D:5:      layout_loops_ring, minmay_temple_entry_gardened_gates

Skill      XL: |  1  2  3  4  5  6  7 |
---------------+----------------------+-----
Long Blades    | 2 3 4 |  4.0
Shields        | 4 |  4.0
Fighting       | 4 |  4.9
Invocations    | 2 |  2.8
Spellcasting   | 2 |  2.8
Armour         | |  3.0

Action                   |  1- 3 |  4- 6 |  7- 9 || total
-------------------------+-------+-------+-------++-------
Melee: Long sword        |    79 |   116 |    68 ||   263
  Use: Potion            |     1 |       |     3 ||     4
       Scroll            |       |     3 |       ||     3
Armor: Scale mail        |    50 |    55 |    16 ||   121
Dodge: Dodged            |    30 |    63 |    26 ||   119
Block: Kite shield       |    39 |       |       ||    39
       Buckler           |     2 |    48 |    24 ||    74
       Rpst.: Long sword |    10 |    18 |     5 ||    33

Table legend: (Time is in decaauts)
 A = Elapsed time spent in this place.
 B = Non-inter-level travel time spent in this place.
 C = Inter-level travel time spent in this place.
 D = Time resting spent in this place.
 E = Time spent auto-exploring this place.
 F = Levels seen in this place.
 G = Mean time per level.
                   A        B        C        D        E       F      G
               +--------+--------+--------+--------+--------+-----+--------+
         Total |   4077 |   3973 |    104 |      0 |   3318 |   5 |  815.4 |
       Dungeon |   4077 |   3973 |    104 |      0 |   3318 |   5 |  815.4 |
               +--------+--------+--------+--------+--------+-----+--------+

Top non-repeatable levels by time:
     D:2: 1208 daAuts
     D:1: 1031 daAuts
     D:4: 929 daAuts
     D:3: 834 daAuts
     D:5: 74 daAuts
